 Dungeon Crawl Stone Soup version 0.28.0-53-g5a82cb258f (webtiles) character file.

Game seed: 8541013468778092756

11207 NoAnimeNoLife the Devastator (level 11, -1/54 HPs)
             Began as a Deep Elf Conjurer on June 1, 2022.
             Was a Believer of Vehumet.
             Slain by an eight-headed hydra (9 damage)
             ... on level 3 of the Lair of Beasts on June 2, 2022.
             The game lasted 00:58:53 (19195 turns).

NoAnimeNoLife the Devastator (Deep Elf Conjurer)   Turns: 19195, Time: 00:58:53

Health: -1/54      AC:  3    Str:  4    XL:     11   Next: 46%
Magic:  28/28      EV: 13    Int: 28    God:    Vehumet [**....]
Gold:   814        SH:  5    Dex: 19    Spells: 8/33 levels left

rFire   . . .      SeeInvis .   x - +2 glaive (flame)
rCold   . . .      Faith    .   (shield currently unavailable)
rNeg    . . .      Spirit   .   a - +1 robe
rPois   .          Reflect  +   (no helmet)
rElec   .          Harm     .   (no cloak)
rCorr   .          Rampage  .   (no gloves)
Will    +....                   (no boots)
Stlth   ++........              e - amulet of reflection
HPRegen 0.18/turn               i - +6 ring of dexterity
MPRegen 0.21/turn               (no ring)

@: no status effects
A: no striking features
a: Renounce Religion


You were on level 3 of the Lair of Beasts.
You worshipped Vehumet.
Vehumet was pleased with you.
You visited 3 branches of the dungeon, and saw 15 of its levels.

You collected 814 gold pieces.

Inventory:

Hand Weapons
 b - a +0 short sword
 n - a +2 dagger of venom
 x - a +2 glaive of flaming (weapon)
Missiles
 q - 3 throwing nets
Armour
 a - a +1 robe (worn)
 p - +0 acid dragon scales
 y - +0 swamp dragon scales
Magical Staves
 u - a staff of air
Jewellery
 e - an amulet of reflection (around neck)
 i - a +6 ring of dexterity (left hand)
Wands
 k - a wand of iceblast (14)
 m - a wand of polymorph (8)
 v - a wand of charming (5)
Scrolls
 d - a scroll of enchant weapon
 l - 3 scrolls of identify
 r - a scroll of fear
 t - a scroll of amnesia
 z - a scroll of magic mapping
 A - a scroll of vulnerability
Potions
 c - 3 potions of flight
 g - 2 potions of haste
 h - 4 potions of brilliance
 j - 2 potions of degeneration
 o - a potion of invisibility
 s - 4 potions of curing


   Skills:
 - Level 2.7 Dodging
 - Level 2.8 Stealth
 + Level 11.5 Spellcasting
 + Level 16.1 Conjurations
 - Level 7.5 Fire Magic


You had 8 spell levels left.
You knew the following spells:

 Your Spells              Type           Power      Damage    Failure   Level
a - Magic Dart            Conj           100%       1d8       0%          1
b - Searing Ray           Conj           100%       2d8       0%          2
c - Dazzling Flash        Conj/Hex       100%       N/A       1%          3
d - Fulminant Prism       Conj/Hex       28%        3d14      1%          4
e - Iskenderun's Mystic   Conj/Tloc      57%        2d12      1%          4
f - Fireball              Conj/Fire      35%        3d15      1%          5
g - Starburst             Conj/Fire      35%        6d10      4%          6

Your spell library contained the following spells:

 Spells                   Type           Power      Damage    Failure   Level
 Conjure Flame            Conj/Fire      70%        6-21      1%          3
 Shock                    Conj/Air       100%       1d9       1%          1
 Mephitic Cloud           Conj/Pois/Air  46%        N/A       1%          3
 Apportation              Tloc           32%        N/A       3%          1
 Pain                     Necr           64%        1d7       3%          1
 Ignite Poison            Fire/Tmut/Pois 30%        N/A       3%          3
 Poisonous Vapours        Pois/Air       32%        N/A       5%          2
 Swiftness                Air            16%        N/A       11%         3
 Tukima's Dance           Hex            16%        N/A       11%         3
 Freezing Cloud           Conj/Ice/Air   23%        6-21      11%         5
 Airstrike                Air            8%         N/A       34%         4
 Passage of Golubria      Tloc           16%        N/A       34%         4
 Alistair's Intoxication  Tmut/Pois      10%        N/A       67%         5
 Yara's Violent Unravell  Hex/Tmut       8%         3d5       67%         5
 Ignition                 Fire           27%        3d9       100%        8


Dungeon Overview and Level Annotations

Branches:
Dungeon (11/15)            Temple (1/1) D:7            Lair (3/6) D:10
    Orc (0/2) D:10
  Swamp: Lair:2-4    Shoals: Lair:2-4     Snake: Lair:2-4    Spider: Lair:2-4

Altars:
Ashenzari
Cheibriados
Elyvilon
Fedhas
Gozag
Hepliaklqana
Kikubaaqudgha
Makhleb
Nemelex Xobeh
Okawaru
Qazlal
Sif Muna
Trog
Uskayaw
Vehumet
Xom
Yredelemnul
Zin
The Shining One

Shops:
D:1 (   D:11 *

Annotations:
D:5 1 runed translucent door, Peloso's ghost, amateur MiFi
D:11 Josephine
Lair:3 Gastronok


Message History

Your magical contamination has completely faded away.
You start resting.
Magic restored.
This spell is quite dangerous to cast!
Memorise Starburst, consuming 6 spell levels and leaving 8?
You start memorising the spell.
You continue memorising. x6
You finish memorising.
Spell assigned to 'g'.
Aiming: Magic Dart (safe; 0% risk of failure)
Press: ? - help, Q - select action, (/) - cycle Shift-Dir - straight line, f - you You can't see any item there. x2
Okay, then.
Casting: Magic Dart (safe; 0% risk of failure)
Confirm with . or Enter, or press ? or * to list all spells.
The spell is quite dangerous to miscast (4% risk of failure)!
Continue anyway?
Casting: Starburst (quite dangerous; 4% risk of failure)
Press: ? - help, Dir - look around, f - activate The bolt of fire hits the plant!!!
The plant begins to die.
The plant is lightly damaged.
The bolt of fire hits the plant!!
The plant begins to die.
The plant is lightly damaged.
You start resting.
A nearby plant withers and dies.
You start resting.
A nearby plant withers and dies.
You start resting.
Magic restored.
There is a stone staircase leading down here.
You start waiting.
Done waiting.
You start waiting.
Done waiting.
You climb downwards.
Level annotation: Gastronok The eight-headed hydra closely misses you.
The eight-headed hydra bites you! x2; The eight-headed hydra bites you. x2
The eight-headed hydra closely misses you.
The eight-headed hydra bites you!
* * * LOW HITPOINT WARNING * * *
The eight-headed hydra bites you!
You die...

*,,,***,**.....#*,..***,,*
*,.......*#....#*#.#.,**,*
*,.......##h...##.....,*,*
*,*#.....#.....#......,,,*
*,*#.....#......#.....,,,,
*,**......#...........,,**
#,##*#...##.....#.#...,***
#.#P###F÷##.........#.*,**
*#.......F@D...........,,,,
*......................,,,,
*P.......÷.............,,,,
*#.....................,,,,
#.....................,,,,
*#.########............,,,,
**,,* *****###.....P...+**,,
*,,,* *,*,*,*#......#.#.,**,
***,***,,,,**..(...##..,,,*,


You could see an eight-headed hydra, a cane toad and a blink frog.

Vanquished Creatures
  A two-headed ogre (D:10)
  A cyclops (D:7)
  A manticore (D:9)
  2 komodo dragons
  2 rime drakes
  Maggie (D:7)
  A polar bear (Lair:3)
  2 blink frogs
  A wyvern (Lair:1)
  A wraith (D:10)
  9 yaks
  An acid dragon (D:8)
  9 water moccasins
  5 orc warriors
  2 ice beasts
  3 sky beasts
  2 necrophages
  2 black bears
  A hornet zombie (D:7)
  3 ogres
  7 wolves
  3 centaurs
  A kobold brigand (D:8)
  A phantom (D:5)
  11 bullfrogs
  A gnoll sergeant (D:9)
  A scorpion (D:3)
  A water moccasin zombie (D:5)
  A wyvern skeleton (D:6)
  A howler monkey (D:4)
  3 electric eels (D:9)
  2 centaur zombies
  3 bullfrog skeletons
  2 centaur skeletons
  2 hounds
  2 jellies
  2 gnoll shamans
  7 iguanas
  5 orc priests
  Jessica (D:2)
  Ijyb (D:5)
  6 orc wizards
  A hound skeleton (D:5)
  14 gnolls
  3 adders
  An ufetubus (D:4)
  2 adder skeletons
  A dart slug (D:5)
  32 orcs
  6 endoplasms
  3 giant cockroaches (D:1)
  9 goblins
  8 hobgoblins
  4 jackals
  A quokka (D:1)
  6 ball pythons
  8 bats
  2 frilled lizards (D:3)
  13 kobolds
  7 rats
  A bush (Lair:2)
  A fulminant prism (D:9)
237 creatures vanquished.

Vanquished Creatures (collateral kills)
  A cyclops (D:9)
  A centaur (D:9)
2 creatures vanquished.

Vanquished Creatures (others)
  56 fulminant prisms
  15 fungi
  36 plants
  2 withered plants (D:5)
109 creatures vanquished.

Grand Total: 348 creatures vanquished

Notes
Turn   | Place    | Note
-------+----------+-------------------------------------------
     0 | D:1      | NoAnimeNoLife the Deep Elf Conjurer began the quest for the
                  | Orb.
     0 | D:1      | Reached XP level 1. HP: 10/10 MP: 6/6
    82 | D:1      | Reached XP level 2. HP: 15/15 MP: 1/8
   276 | D:1      | Learned a level 2 spell: Searing Ray
   691 | D:1      | Found Coasyom's Weapon Boutique.
   709 | D:1      | Reached XP level 3. HP: 19/19 MP: 3/10
   883 | D:1      | Reached skill level 5 in Conjurations
  1123 | D:1      | Found a faded altar of an unknown god.
  1628 | D:2      | Noticed Jessica
  1632 | D:2      | Killed Jessica
  1633 | D:2      | Reached XP level 4. HP: 24/24 MP: 7/12
  1995 | D:2      | Found a hide-covered altar of Uskayaw.
  2772 | D:3      | Reached skill level 6 in Conjurations
  3379 | D:3      | Noticed a sky beast
  3448 | D:3      | Killed a sky beast
  3449 | D:3      | Reached skill level 5 in Spellcasting
  3449 | D:3      | Reached XP level 5. HP: 28/28 MP: 6/14
  3745 | D:4      | Reached XP level 6. HP: 30/32 MP: 10/16
  3864 | D:4      | Learned a level 3 spell: Dazzling Flash
  3885 | D:3      | Reached skill level 7 in Conjurations
  4270 | D:4      | Found a hide-covered altar of Uskayaw.
  4657 | D:4      | Reached XP level 7. HP: 26/36 MP: 7/18
  4865 | D:4      | Reached skill level 8 in Conjurations
  5350 | D:5      | Entered Level 5 of the Dungeon
  5497 | D:5      | Reached skill level 9 in Conjurations
  5597 | D:5      | Found a runed translucent door.
  5598 | D:5      | Noticed Peloso's ghost (amateur MiFi)
  5650 | D:5      | Noticed Ijyb
  5658 | D:5      | Killed Ijyb
  5812 | D:5      | Reached XP level 8. HP: 20/41 MP: 5/21
  6946 | D:6      | Reached skill level 10 in Conjurations
  6996 | D:6      | Learned a level 4 spell: Fulminant Prism
  7001 | D:6      | Learned a level 4 spell: Iskenderun's Mystic Blast
  7802 | D:6      | Reached skill level 11 in Conjurations
  8203 | D:7      | Reached XP level 9. HP: 18/45 MP: 19/24
  8312 | D:7      | Noticed a cyclops
  8336 | D:7      | Killed a cyclops
  8436 | D:7      | Found a staircase to the Ecumenical Temple.
  8452 | Temple   | Entered the Ecumenical Temple
  8537 | Temple   | Became a worshipper of Vehumet
  8566 | D:7      | Noticed Maggie
  8579 | D:7      | Killed Maggie
  8580 | D:7      | Reached skill level 10 in Spellcasting
  8580 | D:7      | Reached skill level 12 in Conjurations
 10110 | D:8      | Reached skill level 13 in Conjurations
 10638 | D:9      | Noticed a cyclops
 10644 | D:9      | Noticed a manticore
 10657 | D:9      | Killed a cyclops
 10658 | D:9      | Reached XP level 10. HP: 34/50 MP: 17/27
 10659 | D:9      | Reached * piety under Vehumet
 10659 | D:9      | Offered knowledge of Freeze by Vehumet.
 10666 | D:9      | Killed a manticore
 10940 | D:9      | Found Irphaselu's Magic Scroll Shop.
 12286 | D:10     | Entered Level 10 of the Dungeon
 12418 | D:10     | Reached skill level 14 in Conjurations
 12497 | D:10     | Noticed a two-headed ogre
 12515 | D:10     | Killed a two-headed ogre
 12556 | D:10     | Reached skill level 15 in Conjurations
 12820 | D:10     | Learned a level 5 spell: Fireball
 13115 | D:10     | Found a staircase to the Lair.
 13146 | D:10     | Found a staircase to the Orcish Mines.
 13890 | D:11     | Found Zooklau's Assorted Antiques.
 13891 | D:11     | Noticed a death knight
 14195 | D:11     | Noticed Josephine
 14434 | Lair:1   | Entered Level 1 of the Lair of Beasts
 14530 | Lair:1   | Reached ** piety under Vehumet
 14530 | Lair:1   | Offered knowledge of Foxfire by Vehumet.
 14726 | Lair:1   | Reached skill level 16 in Conjurations
 14996 | Lair:1   | Reached XP level 11. HP: 51/54 MP: 3/28
 15139 | Lair:1   | Reached skill level 1 in Fire Magic
 16517 | Lair:1   | Got the Incunabulum of the Maze
 16785 | Lair:2   | Reached skill level 5 in Fire Magic
 18100 | Lair:3   | Noticed an eight-headed hydra
 18648 | Lair:3   | Noticed Gastronok
 18673 | Lair:3   | Noticed a seven-headed hydra
 18833 | Lair:3   | Offered knowledge of Conjure Flame by Vehumet.
 18948 | Lair:2   | Learned a level 6 spell: Starburst
 19195 | Lair:3   | Slain by an eight-headed hydra

Illustrated notes

Levels and vault maps discovered:
D:1:      minmay_arrival_diagonal_passages, layout_basic,
          hellmonk_ecumenical_altar_dog_temple, serial_shops,
          nicolae_diamond_shop
D:2:      layout_basic, basic_altar, serial_rivers,
          chequers_serial_rivers_small_b, chequers_serial_rivers_room_b,
          chequers_serial_rivers_room_a, chequers_serial_rivers_micro_c,
          minmay_pentomino_t4, uniq_jessica
D:3:      layout_loops_corners
D:4:      layout_basic, mainiacjoe_overflow_alcove_4, nrook_mini_vaults,
          nrook_campfire, minmay_vboxes
D:5:      layout_loops_ring, gammafunk_ghost_grave, uniq_ijyb
D:6:      layout_loops_ring, minmay_misc_feat_room, st_stairs_14
D:7:      layout_basic, minmay_temple_entry_offerings, uniq_maggie
D:8:      layout_gridville, minmay_misc_feat_cross
D:9:      layout_stronghold, serial_bayou, serial_bayou_shore_b,
          serial_bayou_pond_c, serial_bayou_lagoon_b, serial_bayou_lagoon_a,
          serial_shops, nicolae_diamond_shop, minmay_microvault
D:10:     layout_long_grid, lair_entry_dummy, david_orc_2,
          hangedman_decor_lopped, minivault_21
D:11:     layout_roguey, serial_shops, nicolae_shop_crystal, enter_trove_1,
          tgw_sif, uniq_josephine
Temple:   grunt_wide_crystal_templ
Lair:1:   layout_layer_cave
Lair:2:   layout_cave_pods
Lair:3:   layout_regular_city, nicolae_volcano_entry_batcave,
          nicolae_quartered_pool_super, uniq_gastronok, uniq_nergalle

Skill      XL: |  1  2  3  4  5  6  7  8  9 10 11 |
---------------+----------------------------------+-----
Conjurations   | 5 6 7 9 11 13 16 | 16.1
Spellcasting   | 4 5 6 7 9 11 | 11.5
Fire Magic     | 7 |  7.5
Dodging        | |  2.7
Stealth        | |  2.8

Action                   |  1- 3 |  4- 6 |  7- 9 | 10-12 || total
-------------------------+-------+-------+-------+-------++-------
Melee: Unarmed           |     6 |       |       |       ||     6
       Glaive            |       |       |       |     5 ||     5
 Cast: Magic Dart        |    72 |    76 |   171 |    76 ||   395
       Searing Ray       |       |    10 |    38 |    12 ||    60
       Fulminant Prism   |       |       |    22 |    36 ||    58
       Iskenderun's Myst |       |       |    11 |    18 ||    29
       Fireball          |       |       |       |    46 ||    46
       Starburst         |       |       |       |     1 ||     1
Evoke: Wand              |       |       |     6 |       ||     6
  Use: Scroll            |       |     6 |    11 |     6 ||    23
       Potion            |       |       |     7 |     3 ||    10
 Stab: Sleeping          |       |       |       |     1 ||     1
Armor: Robe              |     1 |       |     5 |     7 ||    13
Dodge: Dodged            |    12 |     8 |    27 |    38 ||    85
Block: Other             |       |       |       |    14 ||    14
       Reflection        |       |       |       |     2 ||     2
